 Dungeon Crawl Stone Soup version 0.30-a0-782-ge64f9170bb (webtiles) character file.

Game seed: 10393407965370013081

131 Jane the Cutter (level 5, -7/44 HPs)
             Began as a Ghoul Gladiator on Feb 23, 2023.
             Mangled by an ogre
             ... wielding a +0 giant club
              (12 damage)
             ... on level 4 of the Dungeon.
             The game lasted 00:13:11 (2774 turns).

Jane the Cutter (Ghoul Gladiator)                   Turns: 2774, Time: 00:13:12

Health: -7/44      AC:  7    Str: 20    XL:     5   Next: 14%
Magic:  4/4        EV: 10    Int:  3    God:
Gold:   223        SH:  0    Dex: 10    Spells: 4/4 levels left

rFire   . . .      SeeInvis .    b - +3 dagger (venom)
rCold   + . .      Faith    .    (no shield)
rNeg    + + +      Spirit   .    i - +0 scale mail
rPois   ∞          Reflect  .    c - +0 helmet
rElec   .          Harm     .    (no cloak)
rCorr   .          Rampage  .    (no gloves)
Will    .....                    (no boots) Stlth
                                 e - amulet of the acrobat
HPRegen 0.00/turn                (no ring)
MPRegen 0.09/turn                (no ring)

@: inhibited regen
A: claws 1, cold resistance 1, negative energy resistance 3, inhibited
regeneration, torment resistance 2, devour on kill
a: no special abilities


You were on level 4 of the Dungeon.
You visited 1 branch of the dungeon, and saw 4 of its levels.

You collected 223 gold pieces.

Inventory:

Hand Weapons
 a - a +0 rapier
 b - a +3 dagger of venom (weapon)
Missiles
 d - 3 throwing nets (quivered)
 f - 5 silver javelins
Armour
 c - a +0 helmet (worn)
 i - a +0 scale mail (worn)
Jewellery
 e - an amulet of the acrobat (around neck)
Wands
 m - a wand of flame (17)
Scrolls
 h - a scroll of magic mapping
 j - 2 scrolls of identify
Potions
 g - a potion of attraction
 k - a potion of mutation
 l - a potion of curing
 n - a potion of brilliance


   Skills:
 + Level 2.9 Fighting
 + Level 4.2 Short Blades
 - Level 1.7 Throwing
 + Level 3.5 Dodging


You had 4 spell levels left.
You didn't know any spells.
Your spell library contained the following spells:

 Spells                   Type           Power      Damage    Failure   Level
 Necrotise                Necr           0%         1d4       88%         1
 Vampiric Draining        Necr           0%         2d6       99%         3
 Agony                    Necr           0%         N/A       100%        5


Dungeon Overview and Level Annotations

Branches:
Dungeon (3/15)

Altars:


Innate Abilities, Weirdness & Mutations

You are immune to poison.
You have sharp fingernails.
Your flesh is cold resistant. (rC+)
You are immune to negative energy. (rN+++)
You do not regenerate when monsters are visible.
You are immune to unholy pain and torment.
You thrive by killing the living.


Message History

You closely miss the bat.
The bat is severely wounded.
The bat barely misses you. The bat hits you but does no damage.
You hit the bat.
You kill the bat!
You see here a bat corpse.
Found a scroll labelled INAS VEAB NISCH.
You now have 217 gold pieces (gained 11).
A sourceless malevolence fills the Dungeon...
You fall into a shaft and drop 1 floor!
The shaft crumbles and collapses.
Found a ring mail.
You see here a +0 ring mail.
Found a stone staircase leading down.
You open the door.
Found 6 gold pieces.
Found a stone staircase leading down.
There is an open door here.
You now have 223 gold pieces (gained 6).
You open the door.
There is an open door here.
Found an escape hatch in the floor.
Found a helmet.
Found 13 gold pieces.
An ogre comes into view. It is wielding a +0 giant club.
The ogre shouts!
You see here a +0 helmet.
You barely miss the ogre. You hit the ogre.
The ogre is lightly wounded.
The ogre hits you with a +0 giant club!!
The ogre attacks as you move away! The ogre completely misses you.
The ogre completely misses you.
You hit the ogre.
The ogre is moderately wounded.
You hit the ogre.
The ogre is poisoned.
The ogre is heavily wounded.
The ogre hits you with a +0 giant club!!
* * * LOW HITPOINT WARNING * * *
The ogre attacks as you move away! The ogre hits you with a +0 giant club!
You die...

#......# #.#.#.###
#.##.#.###.#.#.###
#.##..............
#.##########.....#
####.##### #....##
#........# #...>..
#.##.###.# ###.###
# #.# #.# #@# #+#
# #O# #.##.###.#
#........#
####[#...#
......^$.......
..#####.#...###
.....## ..# .#


You could see an ogre (very poisoned).

Vanquished Creatures
  A hound (D:3)
  3 adders
  A worm (D:2)
  A dart slug (D:2)
  3 orcs (D:3)
  5 bats
  5 endoplasms
  5 giant cockroaches
  6 goblins
  4 hobgoblins
  4 quokkas
  6 ball pythons
  6 frilled lizards
  4 kobolds
  7 rats
61 creatures vanquished.

Notes
Turn   | Place    | Note
-------+----------+-------------------------------------------
     0 | D:1      | Jane the Ghoul Gladiator began the quest for the Orb.
     0 | D:1      | Reached XP level 1. HP: 17/17 MP: 0/0
   119 | D:1      | Reached XP level 2. HP: 24/24 MP: 1/1
   205 | D:1      | Reached skill level 3 in Short Blades
   543 | D:1      | Reached XP level 3. HP: 30/30 MP: 2/2
  1691 | D:2      | Reached XP level 4. HP: 37/37 MP: 3/3
  2204 | D:3      | Reached skill level 4 in Short Blades
  2248 | D:3      | Reached XP level 5. HP: 43/44 MP: 4/4
  2616 | D:3      | You fall into a shaft and drop 1 floor!
  2762 | D:4      | Noticed an ogre
  2774 | D:4      | Mangled by an ogre

Illustrated notes

Levels and vault maps discovered:
D:1:      dpeg_arrival_lava_altar, layout_basic
D:2:      layout_loops_ring, grunt_decor_clamped, minmay_misc_feat_chi
D:3:      layout_loops_ring, st_stairs_4
D:4:      layout_loops_corners, minmay_vboxes

Skill      XL: |  1  2  3  4 |
---------------+-------------+-----
Short Blades   | 3 4 |  4.2
Dodging        | 3 |  3.5
Fighting       | |  2.9
Throwing       | |  1.7

Action                     |  1- 3 |  4- 6 || total
---------------------------+-------+-------++-------
  Melee: Rapier            |    48 |       ||    48
         Dagger            |    59 |    71 ||   130
         Punch             |       |     1 ||     1
    Use: Potion            |     4 |       ||     4
         Scroll            |     7 |     1 ||     8
 Armour: Leather armour    |    21 |       ||    21
         Scale mail        |    48 |    19 ||    67
  Dodge: Dodged            |    70 |    32 ||   102

Table legend: (Time is in decaauts)
 A = Elapsed time spent in this place.
 B = Non-inter-level travel time spent in this place.
 C = Inter-level travel time spent in this place.
 D = Time resting spent in this place.
 E = Time spent auto-exploring this place.
 F = Levels seen in this place.
 G = Mean time per level.
                   A        B        C        D        E       F      G
               +--------+--------+--------+--------+--------+-----+--------+
         Total |   2751 |   2654 |     97 |    131 |   1328 |   4 |  687.8 |
       Dungeon |   2751 |   2654 |     97 |    131 |   1328 |   4 |  687.8 |
               +--------+--------+--------+--------+--------+-----+--------+

Top non-repeatable levels by time:
     D:1: 1118 daAuts
     D:2: 981 daAuts
     D:3: 494 daAuts
     D:4: 156 daAuts
